 Dungeon Crawl Stone Soup version 0.29-a0-322-g68df515428 (webtiles) character file.

Game seed: 7626602660536427255

134 GigaChad the Sneak (level 4, -1/34 HPs)
             Began as a Vampire Brigand on Apr 5, 2022.
             Was a Follower of Yredelemnul.
             Slain by Blork the orc
             ... wielding a +0 long sword
              (6 damage)
             ... on level 4 of the Dungeon.
             The game lasted 00:14:53 (2181 turns).

GigaChad the Sneak (Vampire Brigand)                Turns: 2181, Time: 00:14:56

Health: -1/34      AC: 10    Str: 10    XL:     4   Next: 95%
Magic:  4/4        EV:  1    Int: 13    God:    Yredelemnul [*.....]
Gold:   99         SH:  0    Dex: 17    Spells: 3/3 levels left

rFire   . . .      SeeInvis +   a - +3 dagger
rCold   . . .      Faith    .   (no shield)
rNeg    . . .      Spirit   .   v - +0 plate armour
rPois   .          Reflect  .   (no helmet)
rElec   .          Harm     .   m - scarf {shadows}
rCorr   .          Rampage  .   (no gloves)
Will    .....                   (no boots)
Stlth   ..........              (no amulet)
HPRegen 0.31/turn               (no ring)
MPRegen 0.09/turn               (no ring)

@: healing quickly
A: alive, fangs 3, see invisible, vampiric 2
a: Exsanguinate, Renounce Religion, Recall Undead Harvest


You were on level 4 of the Dungeon.
You worshipped Yredelemnul.
Yredelemnul was noncommittal.
You visited 1 branch of the dungeon, and saw 4 of its levels.

You collected 99 gold pieces.

Inventory:

Hand Weapons
 a - a +3 dagger (weapon)
 i - a +0 short sword
 j - a +0 hand axe
Missiles
 d - 9 poisoned darts
 e - 3 curare-tipped darts
 k - a throwing net (quivered)
Armour
 b - a +0 robe
 c - a +0 cloak
 h - a +0 ring mail
 m - a scarf of shadows (worn)
 p - a +0 chain mail
 v - a +0 plate armour (worn)
 A - a +0 robe of willpower
Scrolls
 f - a scroll of summoning
 n - a scroll of immolation {unknown}
 o - a scroll of brand weapon {unknown}
 q - a scroll of enchant armour {unknown}
 s - a scroll of teleportation {unknown}
 t - a scroll of noise {unknown}
 u - a scroll of fog {unknown}
 y - a scroll of magic mapping
Potions
 g - a potion of invisibility {unknown}
 l - 3 potions of might
 r - a potion of lignification {unknown}
 w - 2 potions of brilliance {unknown}
 x - 2 potions of haste {unknown}
 z - a potion of degeneration {unknown}


   Skills:
 + Level 2.3 Fighting
 + Level 3.1 Short Blades
 + Level 1.7 Throwing
 + Level 1.1 Armour
 + Level 1.8 Dodging
 + Level 7.5 Stealth


You had 3 spell levels left.
You didn't know any spells.
Your spell library was empty.

Dungeon Overview and Level Annotations

Branches:
Dungeon (4/15)
 Temple: D:4-7

Altars:
Cheibriados
Elyvilon
Makhleb
Qazlal
Uskayaw
Yredelemnul

Shops:
D:1 [

Annotations:
D:4 Blork the orc


Innate Abilities, Weirdness & Mutations

Your natural rate of healing is accelerated.
You have razor-sharp teeth.
You have supernaturally acute eyesight. (SInv)
You are afflicted with vampirism and can become a bat while bloodless.


Message History

Blork the orc hits you with a +0 long sword.
You hit Blork the orc.
Blork the orc is moderately wounded.
The endoplasm hits you but does no damage.
Blork the orc hits you with a +0 long sword.
You barely miss Blork the orc. You bite Blork the orc.
Blork the orc is moderately wounded.
The endoplasm hits you but does no damage.
An iguana comes into view.
Blork the orc gestures at you while chanting.
The puff of frost hits you but does no damage.
The iguana hisses angrily.
You hit Blork the orc.
Blork the orc is moderately wounded.
The endoplasm freezes you.
You are frozen.
Blork the orc hits you but does no damage.
You hit Blork the orc.
Blork the orc is severely wounded.
The endoplasm hits you but does no damage.
Blork the orc hits you with a +0 long sword!
You hit Blork the orc but do no damage.
Blork the orc is severely wounded.
You hit Blork the orc but do no damage.
Blork the orc is severely wounded.
The endoplasm hits you.
Blork the orc hits you with a +0 long sword.
You hit Blork the orc. You bite Blork the orc.
Blork the orc is severely wounded.
The endoplasm hits you but does no damage.
Blork the orc hits you with a +0 long sword.
* * * LOW HITPOINT WARNING * * *
You hit Blork the orc.
Blork the orc is almost dead.
The endoplasm freezes you.
You are frozen.
* * * LOW HITPOINT WARNING * * *
Blork the orc hits you with a +0 long sword.
You die...
Yredelemnul claims you as an undead slave.

.....# ..# .....
.. ####...#..
......#. .. ..l..
.. . #Jo# . ..
#@#.#.....#
######Z#...##..#
......Z........# #
######.####....##.
..........+.......
######.####....#
..........'....#
######..###....#
#...#####'##


You could see Blork the orc (ally target), an iguana, an endoplasm (ally
target), a friendly goblin zombie and a friendly necrophage zombie.

Vanquished Creatures
  A necrophage (D:4)
  An adder (D:2)
  2 worms
  2 dart slugs (D:1)
  2 endoplasms
  5 giant cockroaches
  5 goblins
  3 hobgoblins
  8 kobolds
  4 quokkas
  7 ball pythons
  6 bats
  6 frilled lizards
  2 rats (D:1)
54 creatures vanquished.

Vanquished Creatures (others)
  A bat zombie (D:4)
  3 fungi (D:1)
  12 plants (D:1)
16 creatures vanquished.

Grand Total: 70 creatures vanquished

Notes
Turn   | Place    | Note
-------+----------+-------------------------------------------
     0 | D:1      | GigaChad the Vampire Brigand began the quest for the Orb.
     0 | D:1      | Reached XP level 1. HP: 16/16 MP: 1/1
   155 | D:1      | Reached skill level 6 in Stealth
   187 | D:1      | Found Nenarph's Armour Boutique.
   348 | D:1      | Reached XP level 2. HP: 22/22 MP: 2/2
   698 | D:1      | Found a faded altar of an unknown god.
   714 | D:1      | Prayed at the altar of an unknown god.
   714 | D:1      | Became a worshipper of Uskayaw the Reveller
   714 | D:1      | Reached * piety under Uskayaw
   741 | D:1      | Reached skill level 7 in Stealth
   742 | D:1      | Reached ** piety under Uskayaw
   835 | D:2      | Gained mutation: You are afflicted with vampirism and can
                  | become a bat while bloodless. [Vampire growth]
   835 | D:2      | Reached XP level 3. HP: 27/27 MP: 3/3
  1826 | D:3      | Found a snail-covered altar of Cheibriados.
  1832 | D:3      | Found a stormy altar of Qazlal.
  1835 | D:3      | Found a burning altar of Makhleb.
  1842 | D:3      | Found a basalt altar of Yredelemnul.
  1848 | D:3      | Fell from the grace of Uskayaw
  1848 | D:3      | Became a worshipper of Yredelemnul the Dark
  1901 | D:3      | Reached XP level 4. HP: 27/33 MP: 4/4
  2040 | D:4      | Noticed a necrophage
  2056 | D:4      | Killed a necrophage
  2057 | D:4      | Reached skill level 1 in Armour
  2079 | D:4      | Reached * piety under Yredelemnul
  2161 | D:4      | Noticed Blork the orc
  2181 | D:4      | Slain by Blork the orc

Illustrated notes

Levels and vault maps discovered:
D:1:      enne_arrival_octagon_isle, layout_basic,
          shapermc_ecumenical_altar_hornbeckon, serial_shops,
          nicolae_shop_crystal, minmay_crystal_water, st_stairs_12,
          minmay_misc_feat_doors, chequers_big_river
D:2:      layout_basic, roderic_roman_lattice
D:3:      layout_rooms, nicolae_overflow_hallway_of_the_gods
D:4:      layout_basic, minmay_temple_entry_glassed_door, minmay_box_of_dots,
          uniq_blork_the_orc, uniq_pikel, uniq_sigmund

Skill      XL: |  1  2  3  4 |
---------------+-------------+-----
Stealth        | 6 7 |  7.5
Fighting       | 2 |  2.3
Short Blades   | 3 |  3.1
Armour         | 1 |  1.1
Throwing       | |  1.7
Dodging        | |  1.8

Action                   |  1- 3 |  4- 6 || total
-------------------------+-------+-------++-------
Melee: Dagger            |   159 |    29 ||   188
       Bite              |    10 |     5 ||    15
       Punch             |     1 |       ||     1
Throw: Dart              |     7 |     2 ||     9
       Throwing net      |       |     1 ||     1
Invok: Stomp             |     1 |       ||     1
  Use: Scroll            |     5 |       ||     5
 Stab: Sleeping          |     2 |       ||     2
Armor: Ring mail         |    71 |       ||    71
       Plate armour      |    21 |    17 ||    38
Dodge: Dodged            |   100 |     3 ||   103

Table legend: (Time is in decaauts)
 A = Elapsed time spent in this place.
 B = Non-inter-level travel time spent in this place.
 C = Inter-level travel time spent in this place.
 D = Time resting spent in this place.
 E = Time spent auto-exploring this place.
 F = Levels seen in this place.
 G = Mean time per level.
                   A        B        C        D        E       F      G
               +--------+--------+--------+--------+--------+-----+--------+
         Total |   2169 |   2101 |     68 |      0 |    394 |   4 |  542.2 |
       Dungeon |   2169 |   2101 |     68 |      0 |    394 |   4 |  542.2 |
               +--------+--------+--------+--------+--------+-----+--------+

Top non-repeatable levels by time:
     D:1: 788 daAuts
     D:2: 698 daAuts
     D:3: 545 daAuts
     D:4: 137 daAuts
